 Dungeon Crawl Stone Soup version 0.29-a0-418-gc0181ea820 (webtiles) character file.

Game seed: 17188235287546533782

1355 ptdevnull the Conjurer (level 8, 0/58 HPs)
             Began as a Gnoll Conjurer on May 14, 2022.
             Was an Initiate of Vehumet.
             Slain by a lemure (4 damage)
             ... led by Pikel
             ... on level 6 of the Dungeon on May 18, 2022.
             The game lasted 00:16:04 (6258 turns).

ptdevnull the Conjurer (Gnoll Conjurer)             Turns: 6258, Time: 00:16:05

Health: 0/58       AC:  5    Str:  7    XL:     8   Next: 63%
Magic:  2/17       EV: 13    Int: 20    God:    Vehumet [......]
Gold:   424        SH:  0    Dex: 10    Spells: 5/19 levels left

rFire   . . .      SeeInvis .   o - +1 quarterstaff "Loab Eje" {drain, rElec Will+}
rCold   . . .      Faith    .   (shield currently unavailable)
rNeg    . . .      Spirit   .   a - +0 robe
rPois   .          Reflect  .   (no helmet)
rElec   +          Harm     .   j - +1 cloak
rCorr   .          Rampage  .   (no gloves)
Will    ++...                   z - +0 pair of boots
Stlth   +++.......              (no amulet)
HPRegen 0.19/turn               p - ring of willpower
MPRegen 0.15/turn               (no ring)

@: mighty
A: fangs 1, strong nose, distributed training
a: Renounce Religion


You were on level 6 of the Dungeon.
You worshipped Vehumet.
Vehumet was noncommittal.
You visited 2 branches of the dungeon, and saw 7 of its levels.
You also visited: Sewer.

You collected 424 gold pieces.

Inventory:

Hand Weapons
 n - a +2 vorpal hand axe
 o - the +1 quarterstaff "Loab Eje" (weapon) {drain, rElec Will+}
   (You found it on level 3 of the Dungeon)

   A truly terrible weapon, it drains the life of any living foe it strikes.
   rElec:     It insulates you from electricity.
   Will:      It increases your willpower.
Armour
 a - a +0 robe (worn)
 j - a +1 cloak (worn)
 z - a +0 pair of boots (worn)
Magical Staves
 d - a staff of cold
Jewellery
 p - a ring of willpower (left hand)
Scrolls
 c - a scroll of brand weapon
 g - a scroll of magic mapping {unknown}
 i - a scroll of vulnerability {unknown}
 m - a scroll of fog {unknown}
 q - 3 scrolls of blinking
 t - 2 scrolls of amnesia
 u - a scroll of teleportation {unknown}
 w - 2 scrolls of summoning {unknown}
 y - 2 scrolls of poison {unknown}
 A - a scroll of silence
 B - a scroll of noise {unknown}
Potions
 b - a potion of invisibility {unknown}
 e - 3 potions of attraction
 f - a potion of brilliance {unknown}
 h - a potion of berserk rage {unknown}
 k - 2 potions of mutation
 l - 2 potions of haste
 r - 2 potions of might
 s - 2 potions of curing
 v - a potion of heal wounds {unknown}
 x - a potion of lignification {unknown}


   Skills:
 + Level 3.4 Fighting
 + Level 3.4 Short Blades
 + Level 3.4 Long Blades
 + Level 3.4 Axes
 + Level 3.4 Maces & Flails
 + Level 3.4 Polearms
 + Level 3.4 Staves
 + Level 3.4 Slings
 + Level 3.4 Bows
 + Level 3.4 Crossbows
 + Level 3.4 Throwing
 + Level 3.4 Armour
 + Level 5.8 Dodging
 + Level 5.5 Stealth
 + Level 3.4 Shields
 + Level 3.4 Unarmed Combat
 + Level 6.1 Spellcasting
 + Level 7.7 Conjurations
 + Level 2.8 Hexes
 + Level 2.8 Summonings
 + Level 2.8 Necromancy
 + Level 2.8 Translocations
 + Level 2.8 Transmutations
 + Level 2.8 Fire Magic
 + Level 2.8 Ice Magic
 + Level 2.8 Air Magic
 + Level 2.8 Earth Magic
 + Level 2.8 Poison Magic
 + Level 3.8 Invocations
 + Level 3.4 Evocations


You had 5 spell levels left.
You knew the following spells:

 Your Spells              Type           Power      Damage    Failure   Level
a - Magic Dart            Conj           100%       1d8       1%          1
b - Searing Ray           Conj           74%        2d7       1%          2
c - Fulminant Prism       Conj/Hex       13%        3d9       12%         4
d - Iskenderun's Mystic   Conj/Tloc      27%        2d7       12%         4
e - Vampiric Draining     Necr           17%        2d7       10%         3

Your spell library contained the following spells:

 Spells                   Type           Power      Damage    Failure   Level
 Animate Skeleton         Necr           34%        N/A       3%          1
 Freeze                   Ice            68%        1d8       3%          1
 Pain                     Necr           68%        1d7       3%          1
 Dazzling Flash           Conj/Hex       54%        N/A       3%          3
 Frozen Ramparts          Ice            34%        1d5       10%         3
 Hailstorm                Conj/Ice       27%        3d7       12%         4
 Summon Ice Beast         Ice/Summ       17%        N/A       32%         4
 Summon Mana Viper        Hex/Summ       17%        N/A       65%         5
 Monstrous Menagerie      Summ           8%         N/A       100%        7


Dungeon Overview and Level Annotations

Branches:
Dungeon (6/15)             Temple (1/1) D:5           Sewer (visited)

Altars:
Ashenzari
Cheibriados
Dithmenos
Fedhas
Gozag
Hepliaklqana
Kikubaaqudgha
Nemelex Xobeh
Okawaru
Ru
Sif Muna
Trog
Uskayaw
Vehumet
Yredelemnul
Zin
The Shining One

Annotations:
D:6 Pikel


Innate Abilities, Weirdness & Mutations

You have very sharp teeth.
Your uncanny sense of smell can sniff out nearby items.
Your experience applies equally to all skills.


Message History

The lemure is knocked back by the mystic blast.
The lemure slams into the rock wall!
You kill the lemure!
That felt strangely unrewarding.
You feel very mighty all of a sudden.
You completely miss Pikel. Your bite misses Pikel.
Pikel is almost dead.
Pikel hits you with a +0 whip of freezing.
Pikel freezes you. The lemure misses you. Pikel barely misses you.
You closely miss Pikel. You bite Pikel.
Pikel is almost dead.
The lemure misses you. The lemure barely misses you. x2
Pikel hits you with a +0 whip of freezing!
Pikel freezes you.
You barely miss Pikel. You bite Pikel.
Pikel is almost dead.
The lemure hits you! The lemure hits you.
The lemure hits you but does no damage.
Pikel hits you with a +0 whip of freezing.
Pikel freezes you.
* * * LOW HITPOINT WARNING * * *
The lemure hits you.
* * * LOW HITPOINT WARNING * * *
You barely miss Pikel.
Pikel is almost dead.
The lemure barely misses you. The lemure hits you but does no damage.
Pikel closely misses you. The lemure hits you.
* * * LOW HITPOINT WARNING * * *
The lemure barely misses you.
Unknown command.
You closely miss Pikel. You bite Pikel, but do no damage.
Pikel is almost dead.
The lemure hits you.
* * * LOW HITPOINT WARNING * * *
Pikel hits you with a +0 whip of freezing.
* * * LOW HITPOINT WARNING * * *
Pikel freezes you.
* * * LOW HITPOINT WARNING * * *
The lemure closely misses you. The lemure hits you.
You die...

#....# #####
######....######..##
###.#.##.#.....#....##
#........###...###....
#.......###<..........
#..........#.......#
##....#.............#
##...................#
#...5@.....##.)......#
###.5K5.)............#
##.....##..........#
#.....####.........#
#.....##............
..........##..)<.....
...##..#...#.......#..
....
#.....###......#.. ...
###..###....[.....


You could see Pikel and 3 lemures.

Vanquished Creatures
  A wyvern (D:5)
  An ice beast (D:4)
  Pargi (Sewer)
  3 black bears (D:5)
  An ogre (D:4)
  2 phantoms (D:5)
  A lemure (D:6)
  Blork the orc (D:4)
  A necrophage (D:5)
  A scorpion (D:4)
  A jelly (D:5)
  2 hounds
  An iguana (D:4)
  3 orc wizards
  4 adders
  A shadow imp (D:5)
  A white imp (D:5)
  An ufetubus (D:6)
  3 worms
  A dart slug (D:5)
  6 orcs
  9 ball pythons
  7 bats
  7 endoplasms
  4 giant cockroaches
  2 goblins
  8 hobgoblins
  2 jackals (D:1)
  13 kobolds
  6 quokkas
  2 frilled lizards (D:1)
  4 rats
101 creatures vanquished.

Vanquished Creatures (others)
  5 fulminant prisms
  5 plants (D:2)
10 creatures vanquished.

Grand Total: 111 creatures vanquished

Notes
Turn   | Place    | Note
-------+----------+-------------------------------------------
     0 | D:1      | ptdevnull the Gnoll Conjurer began the quest for the Orb.
     0 | D:1      | Reached XP level 1. HP: 13/13 MP: 6/6
   227 | D:1      | Reached XP level 2. HP: 19/19 MP: 5/7
   251 | D:1      | Learned a level 2 spell: Searing Ray
   785 | D:1      | Reached XP level 3. HP: 23/25 MP: 3/9
   840 | D:1      | Reached skill level 5 in Spellcasting
  1307 | D:2      | Found a faded altar of an unknown god.
  1358 | D:2      | Reached skill level 1 in Invocations
  1618 | D:2      | Reached skill level 1 in Fighting
  1618 | D:2      | Reached skill level 1 in Short Blades
  1618 | D:2      | Reached skill level 1 in Long Blades
  1618 | D:2      | Reached skill level 1 in Axes
  1618 | D:2      | Reached skill level 1 in Maces & Flails
  1618 | D:2      | Reached skill level 1 in Polearms
  1618 | D:2      | Reached skill level 1 in Staves
  1618 | D:2      | Reached skill level 1 in Slings
  1618 | D:2      | Reached skill level 1 in Bows
  1618 | D:2      | Reached skill level 1 in Crossbows
  1618 | D:2      | Reached skill level 1 in Throwing
  1618 | D:2      | Reached skill level 1 in Armour
  1618 | D:2      | Reached skill level 1 in Shields
  1618 | D:2      | Reached skill level 1 in Unarmed Combat
  1618 | D:2      | Reached skill level 1 in Evocations
  1913 | D:3      | Reached XP level 4. HP: 32/32 MP: 3/11
  2245 | D:3      | Upgraded the game from 0.29-a0-409-gd843f3a48c to
                  | 0.29-a0-418-gc0181ea820
  2387 | D:3      | Learned a level 4 spell: Fulminant Prism
  2392 | D:3      | Learned a level 4 spell: Iskenderun's Mystic Blast
  2418 | D:3      | Identified the +1 quarterstaff "Loab Eje" {drain, rElec
                  | Will+}
  2473 | D:3      | Reached skill level 1 in Hexes
  2473 | D:3      | Reached skill level 1 in Summonings
  2473 | D:3      | Reached skill level 1 in Necromancy
  2473 | D:3      | Reached skill level 1 in Translocations
  2473 | D:3      | Reached skill level 1 in Transmutations
  2473 | D:3      | Reached skill level 1 in Fire Magic
  2473 | D:3      | Reached skill level 1 in Ice Magic
  2473 | D:3      | Reached skill level 1 in Air Magic
  2473 | D:3      | Reached skill level 1 in Earth Magic
  2473 | D:3      | Reached skill level 1 in Poison Magic
  3099 | D:4      | Noticed Blork the orc
  3103 | D:4      | Reached XP level 5. HP: 37/37 MP: 0/12
  3115 | D:4      | Killed Blork the orc
  3116 | D:4      | Reached XP level 6. HP: 33/44 MP: 3/13
  3253 | D:4      | Reached skill level 5 in Dodging
  3299 | D:4      | Learned a level 3 spell: Vampiric Draining
  3529 | D:4      | Noticed an ice beast
  3807 | D:4      | Killed an ice beast
  3999 | D:4      | Reached XP level 7. HP: 50/50 MP: 7/15
  4200 | D:5      | Entered Level 5 of the Dungeon
  4249 | D:5      | Found a glowing drain.
  4271 | Sewer    | Entered a sewer
  4321 | Sewer    | Noticed Pargi
  4326 | Sewer    | Killed Pargi
  4498 | D:5      | Reached skill level 5 in Stealth
  4863 | D:5      | Found a staircase to the Ecumenical Temple.
  4870 | Temple   | Entered the Ecumenical Temple
  4987 | Temple   | Became a worshipper of Vehumet
  5031 | D:5      | Found a shadowy altar of Dithmenos.
  5101 | D:5      | Reached XP level 8. HP: 57/57 MP: 9/16
  5143 | D:5      | Found a sacrificial altar of Ru.
  5235 | D:5      | Found a broken altar of Ashenzari.
  5563 | D:5      | Noticed a wyvern
  5569 | D:5      | Killed a wyvern
  5985 | D:6      | Noticed Pikel
  6194 | D:6      | Found a basalt altar of Yredelemnul.
  6258 | D:6      | Slain by a lemure

Illustrated notes

Levels and vault maps discovered:
D:1:      dpeg_arrival_leaves_temple_mockup, layout_basic, serial_glass,
          glass_columns_a, glass_columns_a
D:2:      layout_rooms, shapermc_ecumenical_altar_mp_ritualfount
D:3:      layout_rooms
D:4:      layout_loops_corners, uniq_blork_the_orc
D:5:      layout_loops_ring, lemuel_doored_altar,
          nicolae_dithmenos_through_a_glass_darkly,
          nicolae_ru_sacrificial_ziggurat, minmay_temple_entry_mini_moons,
          portal_sewer_entry_f, kennysheep_generic_room_7
D:6:      layout_cave_pools, mainiacjoe_overflow_cross_hatched,
          hangedman_minor_gate_pass, uniq_pikel
Temple:   dshaligram_water_room_temple

Skill      XL: |  1  2  3  4  5  6  7  8 |
---------------+-------------------------+-----
Spellcasting   | 5 6 |  6.1
Invocations    | 1 2 3 |  3.8
Fighting       | 1 2 3 |  3.4
Short Blades   | 1 2 3 |  3.4
Long Blades    | 1 2 3 |  3.4
Axes           | 1 2 3 |  3.4
Maces & Flails | 1 2 3 |  3.4
Polearms       | 1 2 3 |  3.4
Staves         | 1 2 3 |  3.4
Slings         | 1 2 3 |  3.4
Bows           | 1 2 3 |  3.4
Crossbows      | 1 2 3 |  3.4
Throwing       | 1 2 3 |  3.4
Armour         | 1 2 3 |  3.4
Shields        | 1 2 3 |  3.4
Unarmed Combat | 1 2 3 |  3.4
Evocations     | 1 2 3 |  3.4
Hexes          | 1 2 |  2.8
Summonings     | 1 2 |  2.8
Necromancy     | 1 2 |  2.8
Translocations | 1 2 |  2.8
Transmutations | 1 2 |  2.8
Fire Magic     | 1 2 |  2.8
Ice Magic      | 1 2 |  2.8
Air Magic      | 1 2 |  2.8
Earth Magic    | 1 2 |  2.8
Poison Magic   | 1 2 |  2.8
Dodging        | 5 |  5.8
Stealth        | 5 |  5.5
Conjurations   | |  7.7

Action                   |  1- 3 |  4- 6 |  7- 9 || total
-------------------------+-------+-------+-------++-------
Melee: Quarterstaff      |       |     9 |    64 ||    73
       Hand axe          |       |     2 |       ||     2
       Bite              |       |     1 |     7 ||     8
 Cast: Magic Dart        |    63 |    52 |    22 ||   137
       Searing Ray       |     2 |     7 |    14 ||    23
       Fulminant Prism   |       |     4 |     1 ||     5
       Iskenderun's Myst |       |       |     2 ||     2
       Vampiric Draining |       |       |     2 ||     2
  Use: Potion            |       |     1 |     1 ||     2
       Scroll            |       |     4 |     7 ||    11
 Stab: Sleeping          |       |     1 |     4 ||     5
Armor: Robe              |     1 |    10 |    13 ||    24
Dodge: Dodged            |       |     9 |    58 ||    67

Table legend: (Time is in decaauts)
 A = Elapsed time spent in this place.
 B = Non-inter-level travel time spent in this place.
 C = Inter-level travel time spent in this place.
 D = Time resting spent in this place.
 E = Time spent auto-exploring this place.
 F = Levels seen in this place.
 G = Mean time per level.
                   A        B        C        D        E       F      G
               +--------+--------+--------+--------+--------+-----+--------+
         Total |   6275 |   6047 |    228 |   1000 |   4258 |   8 |  784.4 |
       Dungeon |   5947 |   5741 |    206 |   1000 |   4015 |   6 |  991.2 |
        Temple |    133 |    111 |     22 |      0 |    100 |   1 |  133.0 |
         Sewer |    194 |    194 |      0 |      0 |    143 |   1 |  194.0 |
               +--------+--------+--------+--------+--------+-----+--------+

Top non-repeatable levels by time:
     D:5: 1508 daAuts
     D:4: 1342 daAuts
     D:1: 1285 daAuts
     D:3: 1018 daAuts
     D:2: 574 daAuts
     D:6: 219 daAuts
   Sewer: 194 daAuts
  Temple: 133 daAuts
